 Dungeon Crawl Stone Soup version 0.29.1-2-gbd0b4ee654 (webtiles) character file.

Game seed: 8544084247904074508

74 fireball365 the Trooper (level 4, -8/41 HPs)
             Began as a Hill Orc Fighter on Oct 27, 2022.
             Killed by divine providence
             ... invoked by an orc priest
              (12 damage)
             ... on level 2 of the Dungeon.
             The game lasted 00:03:45 (1120 turns).

fireball365 the Trooper (Hill Orc Fighter)          Turns: 1120, Time: 00:03:45

Health: -8/41      AC:  7    Str: 20    XL:     4   Next: 30%
Magic:  4/4        EV:  9    Int:  8    God:
Gold:   49         SH:  4    Dex: 10    Spells: 3/3 levels left

rFire   . . .      SeeInvis .   a - +0 war axe
rCold   . . .      Faith    .   c - +0 buckler
rNeg    . . .      Spirit   .   b - +0 scale mail
rPois   .          Reflect  .   (no helmet)
rElec   .          Harm     .   (no cloak)
rCorr   .          Rampage  .   (no gloves)
Will    .....                   (no boots)
Stlth   ..........              g - amulet of the acrobat
HPRegen 0.13/turn               (no ring)
MPRegen 0.09/turn               (no ring)

@: lethally poisoned (-8 -> -9)
A: no striking features
a: Convert to Beogh


You were on level 2 of the Dungeon.
You visited 1 branch of the dungeon, and saw 2 of its levels.

You collected 49 gold pieces.

Inventory:

Hand Weapons
 a - a +0 war axe (weapon)
Missiles
 h - 5 stones (quivered)
Armour
 b - a +0 scale mail (worn)
 c - a +0 buckler (worn)
Jewellery
 g - an amulet of the acrobat (around neck)
Scrolls
 e - a scroll of teleportation {unknown}
 i - 2 scrolls of identify {unknown}
 j - a scroll of magic mapping {unknown}
 k - a scroll of torment {unknown}
Potions
 d - a potion of might
 f - a potion of brilliance {unknown}


   Skills:
 + Level 4.4 Fighting
 + Level 3.6 Axes
 + Level 4.0 Armour
 + Level 3.9 Shields


You had 3 spell levels left.
You didn't know any spells.
Your spell library was empty.

Dungeon Overview and Level Annotations

Branches:
Dungeon (2/15)

Altars:


Message History

You barely miss the adder. You miss the kobold.
The adder bites you but does no damage. The kobold hits you but does no damage.
The adder bites you but does no damage. The kobold hits you with a +0 whip.
You have reached level 4!
The orc priest invokes the aid of Beogh against you.
Beogh smites you! The orc hits you with a +0 flail.
The kobold completely misses you.
You hear a shout! x2
You hit the orc but do no damage. You hit the adder.
You hit the kobold but do no damage.
The orc priest shouts, "Surrender to Beogh and we'll let you live!"
The adder bites you but does no damage. The orc hits you with a +0 flail.
The kobold hits you but does no damage. The adder barely misses you.
You closely miss the orc. You barely miss the adder.
You barely miss the kobold. You block the adder's attack.
The orc closely misses you. You block the kobold's attack.
You barely miss the orc.
The orc priest threatens, "By the altar or by the axe, you will meet Beogh!"
You hit the kobold.
You kill the kobold!
You barely miss the adder. You block the adder's attack.
The orc closely misses you.
The orc priest looks encouraged for a moment.
The adder bites you.
* * * LOW HITPOINT WARNING * * *
You are poisoned.
The adder poisons you! The orc barely misses you.
You barely miss the orc. You slash the adder!
You kill the adder!
You feel sick.
An orc comes into view. It is wielding a +0 whip.
The orc hits you with a +0 flail.
* * * LOW HITPOINT WARNING * * *
An orc comes into view. It is wielding a +0 whip.
Your Armour skill increases to level 4!
You hit the orc priest but do no damage.
You hit the orc.
You feel sick. The orc hits you but does no damage.
The orc priest calls down the wrath of Beogh upon you.
Beogh smites you!
You die...

....... ......##
##.... .# ....#..#
#...#..# #...o.
#..)#
.########.†@##..#
....(......ooo..#
.######............
#.###.##..### #.#
#.# ..# #.# #.# .#
.#. ##.###[##. #
#.# #......... #.#
#..###....


You could see an orc priest and 3 orcs.

Vanquished Creatures
  3 adders (D:2)
  3 ball pythons
  2 bats (D:1)
  5 endoplasms (D:1)
  7 hobgoblins
  6 jackals (D:1)
  5 kobolds
  A quokka (D:1)
  6 frilled lizards (D:1)
  3 goblins (D:1)
  3 rats (D:1)
44 creatures vanquished.

Notes
Turn   | Place    | Note
-------+----------+-------------------------------------------
     0 | D:1      | fireball365 the Hill Orc Fighter began the quest for the
                  | Orb.
     0 | D:1      | Reached XP level 1. HP: 19/19 MP: 1/1
    20 | D:1      | Reached XP level 2. HP: 22/27 MP: 2/2
   419 | D:1      | Reached XP level 3. HP: 29/33 MP: 3/3
  1115 | D:2      | Reached XP level 4. HP: 33/41 MP: 4/4
  1120 | D:2      | Killed from afar by an orc priest

Illustrated notes

Levels and vault maps discovered:
D:1:      scummos_arrival_forest, layout_basic, minmay_ruptured
D:2:      layout_loops_ring, uniq_robin

Skill      XL: |  1  2  3  4 |
---------------+-------------+-----
Axes           | 3 |  3.6
Fighting       | 4 |  4.4
Armour         | 4 |  4.0
Shields        | |  3.9

Action                   |  1- 3 |  4- 6 || total
-------------------------+-------+-------++-------
Melee: War axe           |    94 |     5 ||    99
Armor: Scale mail        |    72 |     3 ||    75
Dodge: Dodged            |    84 |     5 ||    89
Block: Buckler           |    38 |     3 ||    41
